cohdb
Replays
Latest Replays
All Replays
Popular Replays
Top Player Replays
Match Explorer
How It Works
Community
CoH3 Stats
Reddit
Sign in to upload your games and track your stats! →
Sign in with Steam
Match 40605872
Unlisted
Match 40605872
Overview
Messages
Build Orders
End
Engineer Squad
Selects Special Operations Battlegroup
Selects Special Operations Battlegroup
Selects M29 Weasel Recon Vehicle
M29 Weasel Recon Vehicle
Construct Barracks
Riflemen Squad
Infantry Support Center
Grenade Package
Construct Medical Station
Selects Raiding Flares
Selects SSF Commando Squad
SSF Commando Squad
Survival Training
Construct Tank Depot
Selects Air Re-supply Operation
Air Re-Supply Operation
M4(105) Sherman Bulldozer
SSF Commando Squad
MARCO
XuZhongwei
0
0
Comments
sign in to comment!
No comments posted yet!